 Dungeon Crawl Stone Soup version 0.28.0-47-ge53b351184 (webtiles) character file.

Game seed: 11901128643014028270

24 joe1234567 the Skirmisher (level 2, -6/24 HPs)
             Began as a Demonspawn Berserker on May 8, 2022.
             Was an Initiate of Yredelemnul.
             Mangled by a black bear (7 damage)
             ... created by the rage of Trog
             ... on level 2 of the Dungeon.
             The game lasted 00:07:14 (1067 turns).

joe1234567 the Skirmisher (Demonspawn Berserker)    Turns: 1067, Time: 00:07:14

Health: -6/24      AC:  8    Str: 14 (17) XL:     2   Next: 79%
Magic:  2/2        EV:  6    Int:  8      God:    Yredelemnul [......]
Gold:   25         SH:  0    Dex: 12      Spells: 1/1 levels left

rFire   x . .      SeeInvis .   f - staff of death
rCold   + . .      Faith    .   (no shield)
rNeg    + . .      Spirit   .   i - +0 chain mail
rPois   .          Reflect  .   (helmet restricted)
rElec   .          Harm     .   (no cloak)
rCorr   .          Rampage  .   (no gloves)
Will    .....                   (no boots)
Stlth   ..........              (no amulet)
HPRegen 0.08/turn               h - ring of ice
MPRegen 0.08/turn               (no ring)

@: no status effects
A: antennae 1
a: Renounce Religion, Recall Undead Harvest


You were on level 2 of the Dungeon.
You worshipped Yredelemnul.
Yredelemnul was noncommittal.
You visited 1 branch of the dungeon, and saw 2 of its levels.

You collected 25 gold pieces.

Inventory:

Hand Weapons
 a - a +0 falchion
Armour
 b - a +0 animal skin
 i - a +0 chain mail (worn)
Magical Staves
 f - a staff of death (weapon)
Jewellery
 h - a ring of ice (left hand)
Scrolls
 c - a scroll of immolation {unknown}
 e - 2 scrolls of fog {unknown}
 g - 2 scrolls of identify {unknown}
 j - 2 scrolls of noise {unknown}
 k - 3 scrolls of enchant weapon {unknown}
Potions
 d - a potion of degeneration {unknown}


   Skills:
 + Level 3.3 Fighting
 + Level 3.0 Long Blades
 + Level 0.3 Staves
 + Level 2.0 Armour
 + Level 2.1 Dodging


You had one spell level left.
You didn't know any spells.
Your spell library contained the following spells:

 Spells                   Type           Power      Damage    Failure   Level
 Conjure Flame            Conj/Fire      0%         6-21      100%        3
 Ignite Poison            Fire/Tmut/Pois 0%         N/A       100%        3
 Sticky Flame             Conj/Fire      0%         2d3       100%        4


Dungeon Overview and Level Annotations

Branches:
Dungeon (2/15)

Altars:
Yredelemnul


Innate Abilities, Weirdness & Mutations

You have a pair of small antennae on your head.


Message History

You hit the bat.
You kill the bat!
e - 2 scrolls labelled XUNGISTA YNTOH (gained 1)
g - 2 scrolls labelled LAPUSIBIKO (gained 1)
A giant cockroach comes into view.
Trog sends monsters to punish you.
A polar bear and 2 black bears come into view.
You swap places.
The black bear bites you but does no damage.
The black bear claws you. x2; The black bear bites you.
The black bear claws you. x2
Your giant cockroach zombie bites the black bear but does no damage.
You swap places.
The polar bear bites your giant cockroach zombie!!
Your giant cockroach zombie is destroyed!
The black bear barely misses you. x3
Your spectral endoplasm hits the black bear.
The giant cockroach barely misses you.
The polar bear bites your spectral endoplasm!!
Your spectral endoplasm is destroyed!
The black bear bites you but does no damage.
The black bear claws you but does no damage. x2
You swap places.
The black bear bites your rat zombie!
Your rat zombie is destroyed!
The black bear bites you!
* * * LOW HITPOINT WARNING * * *
The black bear claws you.
* * * LOW HITPOINT WARNING * * *
The black bear claws you but does no damage.
You closely miss the black bear.
The black bear is lightly wounded.
The black bear bites you but does no damage.
The black bear claws you but does no damage.
The black bear claws you.
* * * LOW HITPOINT WARNING * * *
You hit the black bear.
The black bear is lightly wounded.
The black bear bites you!
You die...
Your body rises from the dead as a mindless zombie.

#..# #.## ##.###
#.# #.... #.# #...#
# #.# #...#
###.###Z####...####
#..................
....##..####B..# #.
#....@hh..#
#.######h.# #.
....... ##
##....### #.....#
..⌠...# #.#.#..#
#......#


You could see a polar bear (berserk), 2 black bears and a giant cockroach.

Vanquished Creatures
  A dart slug (D:2)
  2 endoplasms
  2 giant cockroaches
  2 hobgoblins
  A quokka (D:1)
  3 ball pythons (D:1)
  4 bats
  A frilled lizard (D:1)
  2 goblins (D:1)
  A kobold (D:1)
  2 rats (D:2)
21 creatures vanquished.

Vanquished Creatures (collateral kills)
  A kobold (D:1)
1 creature vanquished.

Vanquished Creatures (others)
  A giant cockroach zombie (D:2)
  A rat zombie (D:2)
  A spectral endoplasm (D:2)
  4 plants (D:1)
7 creatures vanquished.

Grand Total: 29 creatures vanquished

Notes
Turn   | Place    | Note
-------+----------+-------------------------------------------
     0 | D:1      | joe1234567 the Demonspawn Berserker began the quest for the
                  | Orb.
     0 | D:1      | Reached XP level 1. HP: 18/18 MP: 1/1
   179 | D:1      | Gained mutation: You have a pair of small antennae on your
                  | head. [demonic ancestry]
   179 | D:1      | Reached XP level 2. HP: 9/24 MP: 2/2
   183 | D:1      | Found a faded altar of an unknown god.
   441 | D:1      | Fell from the grace of Trog
   558 | D:1      | Prayed at the altar of an unknown god.
   558 | D:1      | Became a worshipper of Yredelemnul the Dark
   558 | D:1      | Reached * piety under Yredelemnul
  1061 | D:2      | Noticed a polar bear
  1061 | D:2      | Noticed a black bear
  1061 | D:2      | Noticed a black bear
  1066 | D:2      | HP: 1/24 [black bear[the rage of Trog] (1)]
  1067 | D:2      | Mangled by a black bear

Illustrated notes

Levels and vault maps discovered:
D:1:      minmay_arrival_radiant_lines, layout_basic,
          hellmonk_ecumenical_altar_lost_god, chequers_serial_rivers_micro_d,
          serial_bayou_ford_a, minmay_pentomino_u2
D:2:      layout_loops_ring, hangedman_feature_mirror, eino_curves_01

Skill      XL: |  1  2 |
---------------+-------+-----
Dodging        | 2 |  2.1
Long Blades    | 3 |  3.0
Armour         | 2 |  2.0
Fighting       | |  3.3
Staves         | |  0.3

Action                   || total
-------------------------++-------
Melee: Staff             ||    85
       Falchion          ||     6
       Punch             ||     2
Armor: Animal skin       ||    10
       Chain mail        ||    58
Dodge: Dodged            ||    68
